 Dungeon Crawl Stone Soup version 0.26.1-11-gd32895ea62 (webtiles) character file.

Game seed: 12747486671587669895

224 Zeld the Conjurer (level 5, -4/41 HPs)
             Began as a Draconian Conjurer on Sept 8, 2021.
             Killed by nerve-wracking pain
             ... invoked by Grinder
              (6 damage)
             ... while paralysed by Grinder
             ... on level 3 of the Dungeon.
             The game lasted 00:03:59 (3140 turns).

Zeld the Conjurer (Draconian Conjurer)              Turns: 3140, Time: 00:03:59

Health: -4/41      AC:  6    Str: 10    XL:     5   Next: 67%
Magic:  3/10       EV:  2    Int: 19    God:
Gold:   44         SH:  0    Dex:  9    Spells: 4/11 levels left

rFire    . . .     SeeInvis .   (no weapon)
rCold    . . .     Faith    .   (no shield)
rNeg     . . .     Spirit   .   (armour unavailable)
rPois    .         Reflect  .   (helmet restricted)
rElec    .         Harm     .   (no cloak)
rCorr    .         Rampage  .   i - +0 pair of gloves
Will     .....                  (no boots)
Stlth    ++........             (no amulet)
HPRegen  0.13/turn              (no ring)
MPRegen  0.12/turn              (no ring)

@: paralysed
A: unfitting armour, cold-blooded, AC +5
a: no special abilities


You were on level 3 of the Dungeon.
You visited 1 branch of the dungeon, and saw 3 of its levels.

You collected 44 gold pieces.

Inventory:

Armour
 i - a +0 pair of gloves (worn)
Wands
 m - a wand of polymorph (8)
Scrolls
 a - a scroll of fear {unknown}
 b - 4 scrolls of identify {unknown}
 c - a scroll of amnesia {unknown}
 j - a scroll of fog {unknown}
 l - a scroll of immolation {unknown}
 p - 3 scrolls of teleportation {unknown}
 q - a scroll of remove curse {unknown}
Potions
 d - 4 potions of lignification {unknown}
 e - a potion of might {unknown}
 f - 2 potions of attraction {unknown}
 g - 2 potions of degeneration {unknown}
 h - 2 potions of curing {unknown}
 k - a potion of invisibility {unknown}
 n - a potion of flight {unknown}
 o - a potion of haste {unknown}
 r - a potion of cancellation {unknown}
 s - a potion of heal wounds {unknown}


   Skills:
 + Level 2.3 Fighting
 + Level 2.7 Dodging
 + Level 2.8 Stealth
 * Level 3.6 Spellcasting
 + Level 4.5 Conjurations


You had 4 spell levels left.
You knew the following spells:

 Your Spells              Type           Power        Failure   Level
a - Magic Dart            Conj           80%          2%          1
b - Searing Ray           Conj           40%          3%          2
c - Fulminant Prism       Conj/Hex       6%           50%         4

Your spell library contained the following spells:

 Spells                   Type           Power        Failure   Level
 Dazzling Flash           Conj/Hex       24%          17%         3
 Iskenderun's Mystic Bla  Conj/Tloc      12%          50%         4


Dungeon Overview and Level Annotations

Branches:
Dungeon (3/15)

Altars:
Fedhas

Annotations:
D:3 Grinder


Innate Abilities, Weirdness & Mutations

Your plain brown scales are hard. (AC +5)
You cannot fit into any form of body armour.
You are cold-blooded and may be slowed by cold attacks.


Message History

Grinder is severely wounded.
You finish channeling your searing ray.
Grinder hits you.
You writhe in agony.
* * * LOW HITPOINT WARNING * * *
Grinder hits you.
* * * LOW HITPOINT WARNING * * *
You writhe in agony.
* * * LOW HITPOINT WARNING * * *
Grinder gestures at you.
You suddenly lose the ability to move!
Grinder hits you.
* * * LOW HITPOINT WARNING * * *
You writhe in agony.
* * * LOW HITPOINT WARNING * * *
Grinder gestures at you.
You shrug off the repeated paralysis!
Grinder gestures at you. You resist with significant effort.
Grinder gestures at you. Pain shoots through your body!
You die...

##########
#.........#.##.#
#.........#.##.. ##
#.####....#.##.. .#
###.......#.#.#... .#
#..(..........##.. .#
#####.#..(....#.#.....
.#
#.....#.........#.##..
.#
#.###.#.#######.......
.# #@#########.####.#
.# #...5...........#
#.. ##
#.###.########### ###
###


You could see Grinder.

Vanquished Creatures
  A phantom (D:3)
  Ijyb (D:3)
  2 adders (D:3)
  An ooze (D:3)
  A worm (D:3)
  A dart slug (D:3)
  3 leopard geckos
  An orc (D:3)
  4 ball pythons
  2 giant cockroaches
  8 goblins
  9 hobgoblins
  12 jackals
  A quokka (D:3)
  7 bats
  4 frilled lizards
  10 kobolds
  4 rats
72 creatures vanquished.

Notes
Turn   | Place    | Note
-------+----------+-------------------------------------------
     0 | D:1      | Zeld the Draconian Conjurer began the quest for the Orb.
     0 | D:1      | Reached XP level 1. HP: 14/14 MP: 3/3
   266 | D:1      | Reached XP level 2. HP: 22/22 MP: 3/5
   269 | D:1      | Learned a level 2 spell: Searing Ray
  1026 | D:2      | Reached skill level 1 in Fighting
  1084 | D:2      | Found a blossoming altar of Fedhas.
  1191 | D:2      | Reached XP level 3. HP: 28/28 MP: 1/6
  1964 | D:3      | Noticed Ijyb
  1988 | D:3      | Killed Ijyb
  1989 | D:3      | Reached XP level 4. HP: 35/35 MP: 2/8
  2027 | D:3      | Learned a level 4 spell: Fulminant Prism
  2103 | D:3      | Noticed a phantom
  2156 | D:3      | Killed a phantom
  2157 | D:3      | Reached XP level 5. HP: 33/41 MP: 0/10
  2511 | D:3      | Found a glowing drain.
  3121 | D:3      | Noticed Grinder
  3125 | D:3      | Paralysed by Grinder for 6 turns
  3136 | D:3      | Paralysed by Grinder for 6 turns
  3137 | D:3      | HP: 2/41 [Grinder (2)]
  3140 | D:3      | Killed from afar by Grinder

Illustrated notes

Levels and vault maps discovered:
D:1:      minmay_arrival_shoal_huts, layout_loops_ring
D:2:      wander_river, layout_rooms, fedhas_altar_1
D:3:      layout_basic, portal_sewer_entry_d, uniq_ijyb, uniq_grinder

Skill      XL: |  1  2  3  4 |
---------------+-------------+-----
Dodging        | 2 |  2.7
Stealth        | 2 |  2.8
Fighting       | 1 2 |  2.3
Spellcasting   | 3 |  3.6
Conjurations   | |  4.5

Action                   |  1- 3 |  4- 6 || total
-------------------------+-------+-------++-------
Melee: Unarmed           |    79 |    10 ||    89
       Tailslap          |     4 |     1 ||     5
 Cast: Magic Dart        |    79 |    51 ||   130
       Searing Ray       |     1 |     2 ||     3
Armor: Skin              |    45 |    16 ||    61
Dodge: Dodged            |    91 |    21 ||   112
